 Dungeon Crawl Stone Soup version 0.22-a0-292-g0df9d5f (webtiles) character file.

203 vishdafish the Shield-Bearer (level 5, -3/34 HPs)
             Began as a Gargoyle Fighter on Mar 23, 2018.
             Was an Initiate of the Shining One.
             Slain by a gnoll
             ... wielding a +0 spear
              (5 damage)
             ... on level 5 of the Dungeon.
             The game lasted 00:05:28 (3266 turns).

vishdafish the Shield-Bearer (Gargoyle Fighter)     Turns: 3266, Time: 00:05:29

Health: -3/34      AC: 14    Str: 25    XL:     5   Next: 81%
Magic:  5/5        EV:  7    Int:  9    God:    the Shining One [......]
Gold:   133        SH: 10    Dex:  9    Spells: 4/4 levels left

rFire    . . .     SeeInvis .   a - +0 trident
rCold    . . .     Gourm    .   c - +0 shield
rNeg     + . .     Faith    .   b - +0 scale mail
rPois    ∞         Spirit   .   (no helmet)
rElec    +         Reflect  .   (no cloak)
rCorr    .         Harm     .   (no gloves)
MR       .....                  e - +2 pair of boots {run}
Stlth    ..........             (no amulet)
HPRegen  0.11/turn              (no ring)
MPRegen  0.09/turn              (no ring)

@: mighty, glowing, quick
A: negative energy resistance 1, electricity resistance, unbreathing,
petrification resistance, rot immunity, AC +4
a: Renounce Religion


You were on level 5 of the Dungeon.
You worshipped the Shining One.
The Shining One was noncommittal.
You were hungry.

You visited 1 branch of the dungeon, and saw 5 of its levels.

You collected 133 gold pieces.

Inventory:

Hand Weapons
 a - a +0 trident (weapon)
Armour
 b - a +0 scale mail (worn)
 c - a +0 shield (worn)
 e - a +2 pair of boots of running (worn)
 t - a +0 pair of boots
Wands
 m - a wand of digging (13)
Scrolls
 h - a scroll of enchant weapon
 i - 3 scrolls of identify
 j - a scroll of immolation {unknown}
 k - a scroll of blinking {unknown}
 n - a scroll of teleportation {unknown}
 p - a scroll of enchant armour {unknown}
 q - a scroll of amnesia {unknown}
Potions
 d - 2 potions of might
 g - 2 potions of flight
 l - a potion of brilliance {unknown}
 o - a potion of lignification {unknown}
 r - a potion of invisibility {unknown}
 s - 2 potions of mutation {unknown}
Comestibles
 f - 7 rations


   Skills:
 + Level 4.3 Fighting
 - Level 3.1 Polearms
 + Level 4.3 Armour
 - Level 0.2 Dodging
 + Level 4.4 Shields


You had 4 spell levels left.
You didn't know any spells.

Dungeon Overview and Level Annotations

Branches:
Dungeon (5/15)
 Temple: D:4-7

Altars:
Okawaru
Yredelemnul
Zin
The Shining One


Innate Abilities, Weirdness & Mutations

You are resistant to torment.
Your stone body is resilient. (AC +4)
You are immune to poison.
You resist negative energy. (rN+)
You are resistant to electric shocks. (rElec)
You can survive without breathing.
You are immune to petrification.
You are immune to rotting.


Message History

You block the crimson imp's attack. The gnoll hits you but does no damage.
The crimson imp barely misses you. The gnoll hits you but does no damage.
You hit the gnoll but do no damage.
The gnoll is heavily wounded.
The ogre closely misses you. The gnoll hits you but does no damage.
The crimson imp hits you. The gnoll hits you but does no damage.
You hit the gnoll.
The gnoll is severely wounded.
The gnoll hits you but does no damage. The ogre hits you with a giant club!!
Ouch! That really hurt!
* * * LOW HITPOINT WARNING * * *
The crimson imp hits you but does no damage.
You block the gnoll's attack. The gnoll barely misses you.
You feel very mighty all of a sudden. The ogre hits you with a giant club.
* * * LOW HITPOINT WARNING * * *
The crimson imp hits you but does no damage.
The gnoll completely misses you.
The gnoll hits you from afar with a spear.
You die...

## #### #######
####.##..####.....####
......................
.....................g
...................g.g
..=.....g?g...5.......
...####5##.##....###..
####@##.##....##
#...Og...).....#
#..........[...#
#..............#
#..............#
#..............#
#..............# ..
+..............# #..
###'############


You could see an ogre, 2 gnolls and a crimson imp.

Vanquished Creatures
  A bullfrog skeleton (D:4)
  An iguana (D:3)
  3 gnolls
  3 adders
  A shadow imp (D:5)
  A worm (D:3)
  4 leopard geckos
  5 orcs
  5 giant cockroaches
  3 goblins
  3 hobgoblins
  12 jackals
  2 quokkas
  A ball python (D:2)
  3 bats
  6 frilled lizards
  14 kobolds
  A leopard gecko skeleton (D:4)
  5 rats
74 creatures vanquished.

Notes
Turn   | Place    | Note
-------+----------+-------------------------------------------
     0 | D:1      | vishdafish the Gargoyle Fighter began the quest for the Orb.
     0 | D:1      | Reached XP level 1. HP: 14/14 MP: 1/1
    64 | D:1      | Reached XP level 2. HP: 19/19 MP: 2/2
    91 | D:1      | Identified a +2 pair of boots of running (You found it on level 1 of the Dungeon)
   184 | D:1      | Reached XP level 3. HP: 23/24 MP: 3/3
   536 | D:1      | Found a glowing golden altar of the Shining One.
   549 | D:1      | Became a worshipper of the Shining One
   599 | D:2      | Found a basalt altar of Yredelemnul.
   707 | D:2      | Found an iron altar of Okawaru.
   897 | D:2      | Reached XP level 4. HP: 29/29 MP: 4/4
  1771 | D:3      | Found a glowing silver altar of Zin.
  1820 | D:3      | HP: 1/29 [iguana (7)]
  1862 | D:3      | Reached XP level 5. HP: 6/33 MP: 5/5
  3165 | D:5      | Entered Level 5 of the Dungeon
  3258 | D:5      | Noticed an ogre
  3266 | D:5      | Slain by a gnoll

Vault maps used:
D:1:      dpeg_arrival_concentric_ovals, tso_altar
D:2:      cheibrodos_helix_gallery, okawaru_metal_pillars_3,
          overflow_temple_1_default, first_ration
D:3:      zin_treasury
D:4:      minmay_misc_feat_four_crosses
D:5:      gammafunk_temple_overflow_statue, minmay_temple_entry_glassed_door,
          uniq_crazy_yiuf_cottage

Skill      XL: |  1  2  3  4  5 |
---------------+----------------+-----
Polearms       | 2 3 |  3.1
Shields        | 4 |  4.4
Armour         | 4 |  4.3
Fighting       | 4 |  4.3
Dodging        | |  0.2

Action                   |  1- 3 |  4- 6 || total
-------------------------+-------+-------++-------
Melee: Trident           |   168 |   151 ||   319
  Use: Scroll            |     2 |       ||     2
       Potion            |       |     1 ||     1
  Eat: Chunk             |       |     3 ||     3
       Ration            |       |     1 ||     1
Armor: Scale mail        |   115 |    79 ||   194
Dodge: Dodged            |    69 |    45 ||   114
Block: Shield            |    93 |    62 ||   155

Table legend:
 A = Spawn XP
 B = Non-spawn XP
 C = Spawn XP percentage of total XP
 D = Spawn monster count
 E = Non-spawn monster count
 F = Spawn count percentage of total count
 G = Total turns spent on level
                    A         B        C        D         E        F      G
               +---------+---------+-------+---------+---------+-------+---------
         Total |       0 |     290 |   0.0 |       0 |      74 |   0.0 |  3266
               +---------+---------+-------+---------+---------+-------+---------
           D:1 |       0 |      59 |   0.0 |       0 |      29 |   0.0 |   577
           D:2 |       0 |      30 |   0.0 |       0 |      11 |   0.0 |   592
           D:3 |       0 |      85 |   0.0 |       0 |      20 |   0.0 |  1215
           D:4 |       0 |      73 |   0.0 |       0 |      10 |   0.0 |   781
           D:5 |       0 |      43 |   0.0 |       0 |       4 |   0.0 |   101
               +---------+---------+-------+---------+---------+-------+---------
